 Dungeon Crawl Stone Soup version 0.23-a0-416-g33f1def (webtiles) character file.

2076 JeffiDaFish the Reanimator (level 9, -4/49 HPs)
             Began as a Deep Elf Necromancer on Nov 10, 2018.
             Killed by divine providence
             ... invoked by an orc priest
              (14 damage)
             ... on level 7 of the Dungeon.
             The game lasted 00:22:24 (7762 turns).

JeffiDaFish the Reanimator (Deep Elf Necromancer)   Turns: 7762, Time: 00:22:25

Health: -4/49      AC:  9    Str:  7    XL:     9   Next: 6%
Magic:  5/22       EV: 17    Int: 24    God:
Gold:   438        SH:  0    Dex: 19    Spells: 12/23 levels left

rFire    . . .     SeeInvis .   k - +2 short sword (drain)
rCold    . . .     Gourm    .   (no shield)
rNeg     . . .     Faith    .   a - +0 robe
rPois    .         Spirit   .   x - +2 hat
rElec    .         Reflect  .   n - +0 cloak
rCorr    .         Harm     .   g - +2 pair of gloves
MR       .....                  (no boots)
Stlth    ++........             (no amulet)
HPRegen  0.16/turn              j - ring of wizardry
MPRegen  0.18/turn              w - +4 ring of dexterity

@: no status effects
A: clever 1, robust 1, shaggy fur 1
a: no special abilities


You were on level 7 of the Dungeon.
You were not hungry.

You visited 1 branch of the dungeon, and saw 7 of its levels.
You also visited: Sewer.

You collected 438 gold pieces.

Inventory:

Hand Weapons
 k - a +2 short sword of draining (weapon)
Armour
 a - a +0 robe (worn)
 g - a +2 pair of gloves (worn)
 n - a +0 cloak (worn)
 o - a +0 buckler
 x - a +2 hat (worn)
Jewellery
 j - a ring of wizardry (left hand)
 w - a +4 ring of dexterity (right hand)
Wands
 p - a wand of flame (17)
 t - a wand of enslavement (8)
Scrolls
 b - 2 scrolls of teleportation
 h - 2 scrolls of fear
 m - 3 scrolls of remove curse
 s - 3 scrolls of identify
 u - 2 scrolls of blinking
 v - 2 scrolls of amnesia
Potions
 d - a potion of berserk rage
 e - 2 potions of heal wounds
 f - 2 potions of haste
 i - a potion of flight
 l - 5 potions of curing
 q - a potion of resistance
 z - a potion of mutation
Comestibles
 c - 10 rations
 r - 5 chunks of flesh


   Skills:
 + Level 3.9 Short Blades
 + Level 6.9 Dodging
 - Level 2.4 Stealth
 + Level 7.8 Spellcasting
 * Level 10.6 Necromancy


You had 12 spell levels left.
You knew the following spells:

 Your Spells              Type           Power        Failure   Level  Hunger
a - Pain                  Necr           ####         1%          1    None
b - Vampiric Draining     Necr           ######....   1%          3    None
c - Animate Dead          Necr           N/A          1%          4    ###....
d - Regeneration          Chrm/Necr      ####......   1%          3    None

Your spell library contained the following spells:

 Spells                   Type           Power        Failure   Level  Hunger
 Animate Skeleton         Necr           N/A          1%          1    None


Dungeon Overview and Level Annotations

Branches:
Dungeon (7/15)
 Temple: D:4-7

Altars:
Elyvilon
Fedhas
Makhleb
Nemelex Xobeh
Okawaru
Trog
Vehumet
Wu Jian


Innate Abilities, Weirdness & Mutations

Your mind is acute. (Int +2)
You are robust. (+10% HP)
You are covered in fur. (AC +1)


Message History

Beogh smites you!
* * * LOW HITPOINT WARNING * * *
Your scorpion zombie hits the orc priest.
The orc priest dies!
Some of the chunks of flesh in your inventory have rotted away.
The orc priest barely misses your sky beast zombie.
What are your orders? t - Shout!
Orders for allies: a - Attack new target. r - Retreat! s - Stop attacking. g - Guard the area. f - Follow me.
Anything else - Cancel.
Gang up on whom?
Press: ? - help, Dir - move target cursor, f - orc priest
Aim: an orc priest Attack!
Your sky beast zombie barely misses the orc priest.
The orc priest mumbles some strange prayers to Beogh against you.
Beogh smites you!
You die...

#.............#
#<....
#.......#####.#
####.# #.......#
#.# # #.....### #.#
####### #.#
#######.###
..........#########
######............#
#....@ZZ##
##..###o# #..# #.#
#..# #)# #... #o#
#.## #{# #.# #O# #.
#S# #.#


You could see an orc priest, a friendly scorpion zombie and a friendly sky beast
zombie.

Vanquished Creatures
  A hippogriff (D:5)
  2 sky beasts
  2 ogres
  A phantom (D:6)
  A centaur (D:6)
  A crocodile (Sewer)
  3 bullfrogs
  3 scorpions
  A centaur zombie (D:7)
  4 orc priests
  A centaur skeleton (D:5)
  A hound (D:5)
  A bullfrog skeleton (D:5)
  Ijyb (D:4)
  3 orc wizards
  9 worker ants
  A hound skeleton (D:4)
  2 worker ant zombies
  7 gnolls
  15 adders
  2 oozes
  2 adder zombies
  3 adder skeletons
  2 worms
  3 dart slugs
  2 leopard geckos
  30 orcs
  13 giant cockroaches
  6 goblins
  6 hobgoblins
  8 jackals
  8 quokkas
  2 ball pythons
  6 bats
  3 frilled lizards
  8 kobolds
  A quokka skeleton (D:5)
  2 quokka zombies (D:6)
  3 rats
170 creatures vanquished.

Vanquished Creatures (collateral kills)
  An orc priest (D:7)
  An orc (D:7)
2 creatures vanquished.

Grand Total: 172 creatures vanquished

Notes
Turn   | Place    | Note
-------+----------+-------------------------------------------
     0 | D:1      | JeffiDaFish the Deep Elf Necromancer began the quest for
                  | the Orb.
     0 | D:1      | Reached XP level 1. HP: 10/10 MP: 6/6
   157 | D:1      | Reached skill level 5 in Necromancy
   381 | D:1      | Reached XP level 2. HP: 15/15 MP: 6/8
   857 | D:1      | Found a sparkling altar of Nemelex Xobeh.
  1463 | D:2      | Reached XP level 3. HP: 14/19 MP: 3/10
  1581 | D:2      | Learned a level 3 spell: Vampiric Draining
  1660 | D:2      | Found a bloodstained altar of Trog.
  1936 | D:2      | Gained mutation: You tend to lose your temper in combat.
                  | [potion of mutation]
  1936 | D:2      | Gained mutation: You are clumsy. (Dex -2) [potion of
                  | mutation]
  1936 | D:2      | Gained mutation: Your flesh is heat resistant. (rF+)
                  | [potion of mutation]
  2128 | D:2      | Reached XP level 4. HP: 24/24 MP: 9/11
  2159 | D:2      | Found a burning altar of Makhleb.
  2159 | D:2      | Found a radiant altar of Vehumet.
  2159 | D:2      | Found an iron altar of Okawaru.
  2531 | D:3      | Learned a level 4 spell: Animate Dead
  2539 | D:3      | Reached skill level 6 in Necromancy
  2996 | D:3      | Reached XP level 5. HP: 19/28 MP: 2/13
  3012 | D:3      | HP: 1/28 [gnoll/+0 club (6)]
  3238 | D:3      | Lost mutation: You tend to lose your temper in combat.
                  | [potion of mutation]
  3238 | D:3      | Lost mutation: You are clumsy. (Dex -2) [potion of
                  | mutation]
  3238 | D:3      | Lost mutation: Your flesh is heat resistant. (rF+) [potion
                  | of mutation]
  3238 | D:3      | Gained mutation: Your mind is acute. (Int +2) [potion of
                  | mutation]
  3238 | D:3      | Gained mutation: You are robust. (+10% HP) [potion of
                  | mutation]
  3238 | D:3      | Gained mutation: You are covered in fur. (AC +1) [potion of
                  | mutation]
  3727 | D:3      | Reached skill level 7 in Necromancy
  4140 | D:4      | Found a white marble altar of Elyvilon.
  4151 | D:4      | Reached XP level 6. HP: 26/35 MP: 0/15
  4411 | D:4      | Reached skill level 5 in Spellcasting
  4502 | D:4      | Noticed Ijyb
  4519 | D:4      | Killed Ijyb
  5082 | D:5      | Entered Level 5 of the Dungeon
  5112 | D:5      | Reached skill level 8 in Necromancy
  5112 | D:5      | Reached XP level 7. HP: 26/39 MP: 6/17
  5267 | D:5      | Reached skill level 5 in Dodging
  5346 | D:5      | Noticed a hippogriff
  5358 | D:5      | Killed a hippogriff
  5358 | D:5      | Reached skill level 1 in Short Blades
  5617 | D:5      | Found a glowing drain.
  5655 | Sewer    | Entered a sewer
  5830 | D:5      | Reached skill level 9 in Necromancy
  5914 | D:5      | Reached XP level 8. HP: 42/45 MP: 7/19
  6718 | D:6      | Found a blossoming altar of Fedhas.
  6753 | D:6      | Learned a level 3 spell: Regeneration
  6906 | D:6      | Reached skill level 10 in Necromancy
  6939 | D:6      | Found an ornate altar of the Wu Jian Council.
  7677 | D:7      | Reached XP level 9. HP: 46/49 MP: 7/22
  7762 | D:7      | Killed from afar by an orc priest

Vault maps used:
D:1:      dpeg_arrival_lava_temple_mockup, nemelex_altar_shiori
D:2:      chequers_temple_overflow_statue_of_worship, trog_butcher_becter
D:4:      elyvilon_altar_4, first_ration, uniq_ijyb
D:5:      gup_sewer_entry_glass, minivault_5, chequers_serial_rivers_micro_d,
          zaba_anthole
D:6:      fedhas_bush_and_centaur_altar, basic_altar, kennysheep_generic_room_7
D:7:      temple_green
Sewer:    sewer_the_crocodile

Skill      XL: |  1  2  3  4  5  6  7  8 |
---------------+-------------------------+-----
Necromancy     | 5 6 7 8 9 10 | 10.6
Dodging        | 3 4 5 6 |  6.9
Spellcasting   | 4 5 6 7 |  7.8
Short Blades   | 2 3 |  3.9
Stealth        | |  2.4

Action                   |  1- 3 |  4- 6 |  7- 9 || total
-------------------------+-------+-------+-------++-------
Melee: Unarmed           |     1 |       |       ||     1
       Short sword       |    22 |    54 |   246 ||   322
 Cast: Pain              |    60 |    75 |    84 ||   219
       Vampiric Draining |     1 |    21 |    37 ||    59
       Animate Dead      |       |     2 |     3 ||     5
       Regeneration      |       |       |     3 ||     3
  Use: Potion            |     7 |     5 |       ||    12
       Scroll            |     9 |     4 |     4 ||    17
 Stab: Sleeping          |     5 |     1 |     5 ||    11
       Distracted        |       |       |     1 ||     1
  Eat: Chunk             |     4 |     9 |    10 ||    23
Armor: Robe              |    11 |    21 |    84 ||   116
Dodge: Dodged            |    31 |    67 |   229 ||   327

Table legend:
 A = Non-vault XP
 B = Vault XP
 C = Vault XP percentage of total XP
 D = Non-vault monster count
 E = Vault monster count
 F = Vault count percentage of total count
                 A         B        C        D         E       F
            +---------+---------+-------+---------+---------+-------
      Total |    2513 |     454 |  15.3 |     153 |      19 |  11.0
            +---------+---------+-------+---------+---------+-------
        D:1 |      20 |       0 |   0.0 |      11 |       0 |   0.0
        D:2 |      70 |      10 |  12.5 |      23 |       4 |  14.8
        D:3 |     257 |       0 |   0.0 |      30 |       0 |   0.0
        D:4 |     308 |      35 |  10.2 |      13 |       1 |   7.1
        D:5 |     938 |     181 |  16.2 |      43 |       7 |  14.0
        D:6 |     363 |     119 |  24.7 |      16 |       1 |   5.9
        D:7 |     557 |       0 |   0.0 |      17 |       0 |   0.0
      Sewer |       0 |     109 | 100.0 |       0 |       6 | 100.0
            +---------+---------+-------+---------+---------+-------
